 Dungeon Crawl Stone Soup version 0.23-a0-650-ga4d50d4 (webtiles) character file.

51 Borgoz the Sneak (level 4, -2/24 HPs)
             Began as a Kobold Enchanter on Jan 6, 2019.
             Slain by a worker ant (3 damage)
             ... on level 2 of the Dungeon.
             The game lasted 00:02:56 (1513 turns).

Borgoz the Sneak (Kobold Enchanter)                 Turns: 1513, Time: 00:02:57

Health: -2/24      AC:  2    Str:  5    XL:     4   Next: 5%
Magic:  5/7        EV: 15    Int: 16    God:
Gold:   82         SH:  0    Dex: 16    Spells: 6/7 levels left

rFire    . . .     SeeInvis .   k - +4 dagger
rCold    . . .     Gourm    .   (shield restricted)
rNeg     . . .     Faith    .   b - +0 robe
rPois    .         Spirit   .   (no helmet)
rElec    .         Reflect  .   (no cloak)
rCorr    .         Harm     .   (no gloves)
MR       .....                  (no boots)
Stlth    +++.......             (no amulet)
HPRegen  0.08/turn              (no ring)
MPRegen  0.10/turn              (no ring)

@: lethally poisoned (-2 -> -9)
A: small, carnivore
a: no special abilities


You were on level 2 of the Dungeon.
You were very full.

You visited 1 branch of the dungeon, and saw 2 of its levels.

You collected 82 gold pieces.

Inventory:

Hand Weapons
 k - a +4 dagger (weapon)
Armour
 b - a +0 robe (worn)
Jewellery
 n - a cursed ring of protection from magic {unknown}
Scrolls
 a - a scroll of fog {unknown}
 e - a scroll of fear {unknown}
 f - a scroll of teleportation {unknown}
 g - 3 scrolls of remove curse {unknown}
 h - a scroll of enchant weapon {unknown}
 i - a scroll of identify {unknown}
 j - 2 scrolls of immolation {unknown}
 m - a scroll of magic mapping {unknown}
 o - a scroll of amnesia {unknown}
 p - a scroll of blinking {unknown}
Comestibles
 c - 2 chunks of flesh
 d - 3 rations


   Skills:
 + Level 2.6 Short Blades
 + Level 2.7 Dodging
 + Level 4.8 Stealth
 + Level 2.4 Spellcasting
 + Level 3.4 Hexes


You had 6 spell levels left.
You knew the following spells:

 Your Spells              Type           Power        Failure   Level  Hunger
a - Corona                Hex            ##.....      4%          1    #......

Your spell library contained the following spells:

 Spells                   Type           Power        Failure   Level  Hunger
 Confuse                  Hex            ##......     14%         3    ###....
 Tukima's Dance           Hex            ##......     14%         3    ###....
 Ensorcelled Hibernation  Hex/Ice        #.....       16%         2    ###....
 Dazzling Spray           Conj/Hex       #.....       30%         3    ###....


Dungeon Overview and Level Annotations

Branches:
Dungeon (2/15)

Altars:


Innate Abilities, Weirdness & Mutations

You are small and have problems with some larger weapons.
You are carnivorous and can eat meat at any time.


Message History

You hit the worker ant.
The worker ant is moderately wounded.
You feel sick. The worker ant closely misses you.
You hit the worker ant.
The worker ant is heavily wounded.
You feel sick. The worker ant misses you.
You hit the worker ant.
The worker ant is severely wounded.
The worker ant bites you!
You are too injured to fight recklessly!
You are too injured to fight recklessly!
You hit the worker ant but do no damage.
The worker ant is severely wounded.
* * * LOW HITPOINT WARNING * * *
You feel sick. The worker ant bites you.
* * * LOW HITPOINT WARNING * * *
You hit the worker ant but do no damage.
The worker ant is severely wounded.
The worker ant bites you.
You die...

#.......#.# #########.##
#....#### #.#.....# #.##....###
#..'.÷..+.#
#################....#.#
.............####....#.##########
.##..........#.a@.####.....÷.....
.+..............................>
.#.#..#.###.#...#.#.############.
.#...<#.# #.#.#.#.#.# #.
.######.# #.#.#.#.#.# #. .# #.#
#.#...#.#.#### #. .# ...
..##..#......# #. .# #.#
####..###.##.# #. ..#######.#
#.##.# #.


You could see a worker ant.

Vanquished Creatures
  An adder (D:2)
  4 dart slugs
  A leopard gecko (D:1)
  3 bats
  4 giant cockroaches
  4 goblins (D:1)
  5 hobgoblins
  2 jackals (D:2)
  A ball python (D:1)
  2 kobolds
  3 rats
30 creatures vanquished.

Vanquished Creatures (others)
  5 toadstools (D:1)
5 creatures vanquished.

Grand Total: 35 creatures vanquished

Notes
Turn   | Place    | Note
-------+----------+-------------------------------------------
     0 | D:1      | Borgoz the Kobold Enchanter began the quest for the Orb.
     0 | D:1      | Reached XP level 1. HP: 10/10 MP: 3/3
   273 | D:1      | Reached XP level 2. HP: 12/15 MP: 5/5
   823 | D:1      | Reached XP level 3. HP: 19/19 MP: 6/6
  1478 | D:2      | Reached XP level 4. HP: 22/24 MP: 7/7
  1512 | D:2      | HP: 1/24 [worker ant (6)]
  1513 | D:2      | Slain by a worker ant

Vault maps used:
D:1:      ldierk_walled_garden, minmay_tromino_mix6
D:2:      first_ration

Skill      XL: |  1  2  3 |
---------------+----------+-----
Short Blades   | 2 |  2.6
Dodging        | |  2.7
Stealth        | |  4.8
Spellcasting   | |  2.4
Hexes          | |  3.4

Action                   |  1- 3 |  4- 6 || total
-------------------------+-------+-------++-------
Melee: Dagger            |   116 |    13 ||   129
 Cast: Corona            |    11 |     3 ||    14
  Use: Potion            |     2 |       ||     2
 Stab: Sleeping          |     5 |       ||     5
  Eat: Chunk             |     7 |     3 ||    10
Armor: Robe              |    17 |     3 ||    20
Dodge: Dodged            |   101 |     9 ||   110

Table legend:
 A = Non-vault XP
 B = Vault XP
 C = Vault XP percentage of total XP
 D = Non-vault monster count
 E = Vault monster count
 F = Vault count percentage of total count
                 A         B        C        D         E       F
            +---------+---------+-------+---------+---------+-------
      Total |      66 |       7 |   9.6 |      27 |       3 |  10.0
            +---------+---------+-------+---------+---------+-------
        D:1 |      30 |       7 |  18.9 |      15 |       3 |  16.7
        D:2 |      36 |       0 |   0.0 |      12 |       0 |   0.0
            +---------+---------+-------+---------+---------+-------
